 Dungeon Crawl Stone Soup version 0.21.0-3-g78d12a8 (webtiles) character file.

8224 inmateoo the Fighter (level 11, 0/135 HPs)
             Began as an Ogre Venom Mage on Jan 13, 2018.
             Was a High Priest of Okawaru.
             Slain by a yak (17 damage)
             ... on level 11 of the Dungeon.
             The game lasted 00:31:01 (16320 turns).

inmateoo the Fighter (Ogre Venom Mage)             Turns: 16320, Time: 00:31:02

Health: 0/135      AC:  4    Str: 19    XL:     11   Next: 27%
Magic:  21/21      EV: 10    Int: 16    God:    Okawaru [*****.]
Gold:   596        SH:  0    Dex:  9    Spells: 2/23 levels left

rFire    . . .     SeeInvis .   f - +4 flail (freeze)
rCold    . . .     Gourm    .   (no shield)
rNeg     . . .     Faith    .   a - +1 robe
rPois    .         Spirit   .   (helmet restricted)
rElec    .         Reflect  .   (no cloak)
rCorr    .         Harm     .   (gloves unavailable)
MR       ++...                  (boots unavailable)
Stlth    +.........             (no amulet)
HPRegen  0.32/turn              d - ring of wizardry
MPRegen  0.17/turn              j - ring of protection from magic

@: about to teleport
A: large, unfitting armour, claws 1, robust 1, strong 1, tough skin 1
a: Heroism, Finesse, Renounce Religion


You were on level 11 of the Dungeon.
You worshipped Okawaru.
Okawaru was extremely pleased with you.
You were not hungry.

You visited 2 branches of the dungeon, and saw 12 of its levels.

You collected 596 gold pieces.

Inventory:

Hand Weapons
 f - a +4 flail of freezing (weapon)
 q - a +0 giant spiked club
 x - a +0 morningstar
Armour
 a - a +1 robe (worn)
 o - a +0 large shield
Magical Staves
 l - an uncursed staff of death
 J - an uncursed staff of conjuration
Jewellery
 d - a ring of wizardry (left claw)
 j - a ring of protection from magic (right claw)
 s - an uncursed ring of magical power
Wands
 i - a wand of paralysis (15)
 u - a wand of iceblast (6)
 C - a wand of flame (25)
Scrolls
 t - 2 scrolls of remove curse
 y - 4 scrolls of enchant armour
 D - a scroll of amnesia
 L - a scroll of fog
Potions
 e - a potion of mutation
 g - a potion of brilliance
 h - 2 potions of invisibility {unknown}
 m - a potion of ambrosia
 n - 2 potions of resistance {unknown}
 p - 3 potions of agility {unknown}
 r - a potion of flight
 z - 2 potions of magic
 A - 2 potions of curing
 B - 2 potions of lignification
 E - a potion of might
Books
 b - a Young Poisoner's Handbook

   Spells                             Type                      Level
   a - Sting                          Conjuration/Poison           1
   b - Poisonous Vapours              Poison/Air                   2
   c - Mephitic Cloud                 Conjuration/Poison/Air       3
   d - Olgreb's Toxic Radiance        Poison                       4
   e - Venom Bolt                     Conjuration/Poison           5
 k - a book of Transfigurations

   Spells                             Type                      Level
   a - Irradiate                      Conjuration/Transmutation    5
   b - Statue Form                    Transmutation/Earth          6
   c - Hydra Form                     Transmutation                6
   d - Dragon Form                    Transmutation                7
 v - a book of Cantrips

   Spells                             Type                      Level
   a - Confusing Touch                Hexes                        1
   b - Animate Skeleton               Necromancy                   1
   c - Summon Small Mammal            Summoning                    1
   d - Apportation                    Translocation                1
 w - a book of Air

   Spells                             Type                      Level
   a - Shock                          Conjuration/Air              1
   b - Swiftness                      Charms/Air                   2
   c - Static Discharge               Conjuration/Air              3
   d - Airstrike                      Air                          4
   e - Lightning Bolt                 Conjuration/Air              5
 G - a book of Geomancy

   Spells                             Type                      Level
   a - Sandblast                      Earth                        1
   b - Passwall                       Transmutation/Earth          2
   c - Stone Arrow                    Conjuration/Earth            3
   d - Petrify                        Transmutation/Earth          4
   e - Lee's Rapid Deconstruction     Earth                        5
 H - a book of Necromancy

   Spells                             Type                      Level
   a - Pain                           Necromancy                   1
   b - Animate Skeleton               Necromancy                   1
   c - Vampiric Draining              Necromancy                   3
   d - Regeneration                   Charms/Necromancy            3
   e - Animate Dead                   Necromancy                   4
   f - Borgnjor's Vile Clutch         Necromancy/Earth             5
Miscellaneous
 I - a phantom mirror
Comestibles
 c - 18 rations


   Skills:
 - Level 12.0 Fighting
 + Level 10.6 Maces & Flails
 + Level 2.8 Dodging
 - Level 1.4 Stealth
 * Level 6.8 Spellcasting
 - Level 0.8 Conjurations
 * Level 3.0 Transmutations
 * Level 3.0 Earth Magic
 + Level 3.0 Poison Magic


You had 2 spell levels left.
You knew the following spells:

 Your Spells              Type           Power        Failure   Level  Hunger
a - Sting                 Conj/Pois      ##..         2%          1    None
b - Poisonous Vapours     Pois/Air       ##....       4%          2    None
c - Mephitic Cloud        Conj/Pois/Air  #.......     9%          3    ##.....
d - Apportation           Tloc           #.....       5%          1    None
e - Animate Skeleton      Necr           N/A          5%          1    None
f - Swiftness             Chrm/Air       #.......     8%          2    None
g - Statue Form           Tmut/Erth      ###......    89%         6    #######
h - Venom Bolt            Conj/Pois      ##........   52%         5    #####..


Dungeon Overview and Level Annotations

Branches:
Dungeon (11/15)            Temple (1/1) D:4            Lair (0/6) D:8
    Orc: D:9-12

Altars:
Ashenzari
Cheibriados
Dithmenos
Elyvilon
Fedhas
Gozag
Hepliaklqana
Kikubaaqudgha
Makhleb
Nemelex Xobeh
Okawaru
Qazlal
Ru
Sif Muna
Trog
Uskayaw
Vehumet
Wu Jian
Xom
Yredelemnul
Zin
The Shining One

Shops:
D:6 =   D:7 :


Innate Abilities, Weirdness & Mutations

You are too large for most types of armour.
You have tough skin. (AC +1)
You have sharp fingernails.
You are robust. (+10% HP)
Your muscles are strong. (Str +2)


Message History

You hear the steady creaking of a very distant portcullis.
You hear the quick creaking of a very distant portcullis.
The yak bellows!
You hear a bellow! x2
The yak bellows!
As you read the scroll of teleportation, it crumbles to dust.
You feel strangely unstable. The six-headed hydra barely misses you.
The six-headed hydra bites you!
* * * LOW HITPOINT WARNING * * *
The six-headed hydra misses you. The six-headed hydra barely misses you.
The six-headed hydra bites you!
* * * LOW HITPOINT WARNING * * *
The six-headed hydra barely misses you.
Unknown command.
The yak bellows!
Unknown command.
Unknown command.
You feel better.
The yak bellows!
The yak gores you!
You die...

#.. #####.. #.. ......... #.#
#........ ###.# #........
#...# #...Y.... ######...#
#........
#........#####Y....... ...#
#........TD@YY..(.# #...
#......######.....# #...
#......#....#.[...# #...
#......#....#.....# ...
#.....T#....#Y....# #..
##......#....#.....# #..
#.......#....#.....# #..
#......Y#....#T....########..
#.......#....#...[........Y..


You could see a six-headed hydra, 4 yaks and a troll.

Vanquished Creatures
  2 two-headed ogres
  A merfolk (D:9)
  Prince Ribbit (D:7)
  A hippogriff (D:7)
  Sigmund (D:3)
  7 yaks
  A hungry ghost (D:8)
  4 porcupines (D:8)
  3 orc warriors
  An ice beast (D:5)
  8 ogres
  2 black bears (D:8)
  2 centaurs
  5 phantoms
  7 bullfrogs
  A big kobold (D:7)
  A wyvern zombie (D:8)
  A water moccasin zombie (D:5)
  4 scorpions
  13 killer bees
  4 wights (D:7)
  3 crimson imps
  7 orc priests
  2 bullfrog zombies
  4 hounds
  3 jellies
  2 centaur skeletons (D:4)
  6 orc wizards
  3 bullfrog skeletons
  2 iguanas
  6 worker ants
  2 hound skeletons (D:5)
  A worker ant zombie (D:10)
  4 gnolls
  9 adders
  A howler monkey skeleton (D:8)
  3 shadow imps
  2 oozes
  2 worms
  A dart slug (D:5)
  5 leopard geckos
  43 orcs
  2 ball pythons
  7 bats
  4 giant cockroaches
  4 goblins
  3 hobgoblins
  9 jackals
  10 kobolds
  5 quokkas
  6 frilled lizards
  A leopard gecko skeleton (D:7)
  4 rats (D:1)
236 creatures vanquished.

Vanquished Creatures (others)
  19 fungi (D:8)
  10 plants (D:8)
29 creatures vanquished.

Grand Total: 265 creatures vanquished

Notes
Turn   | Place    | Note
-------+----------+-------------------------------------------
     0 | D:1      | inmateoo the Ogre Venom Mage began the quest for the Orb.
     0 | D:1      | Reached XP level 1. HP: 16/16 MP: 3/3
   131 | D:1      | Reached skill level 1 in Fighting
   298 | D:1      | Reached skill level 2 in Fighting
   310 | D:1      | Reached XP level 2. HP: 27/28 MP: 3/5
   624 | D:1      | Reached skill level 1 in Maces & Flails
  1163 | D:2      | Reached XP level 3. HP: 36/36 MP: 2/6
  1535 | D:2      | Reached skill level 3 in Fighting
  1552 | D:2      | Learned a level 2 spell: Poisonous Vapours
  1844 | D:2      | Reached XP level 4. HP: 33/45 MP: 0/7
  2730 | D:3      | Reached XP level 5. HP: 13/54 MP: 0/8
  3167 | D:3      | Learned a level 3 spell: Mephitic Cloud
  3710 | D:3      | Noticed Sigmund
  3987 | D:3      | Killed Sigmund
  3987 | D:3      | Reached skill level 4 in Fighting
  3987 | D:3      | Reached XP level 6. HP: 59/65 MP: 2/9
  4085 | D:3      | Learned a level 1 spell: Apportation
  4087 | D:3      | Learned a level 1 spell: Animate Skeleton
  4099 | D:4      | Found a shattered altar of Ashenzari.
  4115 | D:4      | Reached skill level 5 in Fighting
  4242 | D:4      | Found a sand-covered staircase.
  4376 | D:4      | Gained mutation: You have sharp fingernails. [potion of mutation]
  4376 | D:4      | Gained mutation: Your muscles are strong. (Str +2) [potion of mutation]
  4376 | D:4      | Gained mutation: You are robust. (+10% HP) [potion of mutation]
  4831 | D:3      | Reached XP level 7. HP: 38/79 MP: 3/10
  5123 | D:3      | Reached skill level 5 in Maces & Flails
  5380 | D:4      | Reached skill level 6 in Fighting
  5410 | D:3      | Found a sacrificial altar of Ru.
  5866 | D:4      | Found a staircase to the Ecumenical Temple.
  6005 | Temple   | Entered the Ecumenical Temple
  6201 | Temple   | Became a worshipper of Warmaster Okawaru
  6315 | D:5      | Entered Level 5 of the Dungeon
  6471 | D:5      | Reached XP level 8. HP: 67/92 MP: 11/11
  6800 | D:5      | Found a blossoming altar of Fedhas.
  7221 | D:5      | Reached skill level 7 in Fighting
  8333 | D:6      | Reached * piety under Okawaru
  8333 | D:6      | Reached skill level 8 in Fighting
  8579 | D:6      | Found a stormy altar of Qazlal.
  8665 | D:6      | Found Talyil's Jewellery Boutique.
  8741 | D:6      | Reached XP level 9. HP: 91/106 MP: 11/12
  9260 | D:7      | Learned a level 2 spell: Swiftness
  9623 | D:7      | Reached skill level 9 in Fighting
  9854 | D:7      | Found a snail-covered altar of Cheibriados.
  9859 | D:7      | Reached ** piety under Okawaru
 10044 | D:7      | Noticed Prince Ribbit
 10054 | D:7      | Killed Prince Ribbit
 10269 | D:7      | Found Nobiug's Book Boutique.
 10590 | D:7      | Reached skill level 10 in Fighting
 11101 | D:6      | Reached skill level 10 in Maces & Flails
 11419 | D:7      | Reached XP level 10. HP: 122/122 MP: 13/13
 11577 | D:8      | Reached skill level 11 in Fighting
 11692 | D:8      | Reached *** piety under Okawaru
 12126 | D:8      | Found a white marble altar of Elyvilon.
 12210 | D:8      | Reached skill level 12 in Fighting
 12520 | D:8      | Found a staircase to the Lair.
 12522 | D:8      | Noticed a two-headed ogre
 12805 | D:8      | Killed a two-headed ogre
 12805 | D:8      | Reached **** piety under Okawaru
 12805 | D:8      | Reached skill level 5 in Spellcasting
 13288 | D:8      | Found a shadowy altar of Dithmenos.
 13652 | D:8      | Learned a level 6 spell: Statue Form
 14025 | D:9      | Reached skill level 1 in Transmutations
 14025 | D:9      | Reached skill level 1 in Earth Magic
 14337 | D:9      | Found a radiant altar of Vehumet.
 14390 | D:9      | Reached XP level 11. HP: 135/135 MP: 11/20
 14568 | D:9      | Reached ***** piety under Okawaru
 14890 | D:10     | Entered Level 10 of the Dungeon
 14897 | D:10     | Learned a level 5 spell: Venom Bolt
 15411 | D:10     | Noticed a two-headed ogre
 15425 | D:10     | Killed a two-headed ogre
 15876 | D:11     | Noticed a six-headed hydra
 16320 | D:11     | Slain by a yak

Skill      XL: |  1  2  3  4  5  6  7  8  9 10 11 |
---------------+----------------------------------+-----
Fighting       | 2 3 4 5 6 8 10 12 | 12.0
Maces & Flails | 1 2 3 4 6 8 10 | 10.6
Spellcasting   | 6 |  6.8
Dodging        | 2 |  2.8
Transmutations | 1 3 |  3.0
Earth Magic    | 1 3 |  3.0
Poison Magic   | 3 |  3.0
Stealth        | |  1.4
Conjurations   | |  0.8

Action                   |  1- 3 |  4- 6 |  7- 9 | 10-12 || total
-------------------------+-------+-------+-------+-------++-------
Melee: Unarmed           |    10 |       |       |       ||    10
       Club              |    40 |    61 |       |       ||   101
       Whip              |       |     1 |    24 |       ||    25
       Flail             |       |     1 |    19 |   188 ||   208
       Scythe            |       |    72 |   166 |       ||   238
       Giant spiked club |       |       |    87 |       ||    87
       Morningstar       |       |       |    43 |       ||    43
       Punch             |       |       |       |     3 ||     3
 Cast: Sting             |    53 |    59 |    79 |    33 ||   224
       Poisonous Vapours |       |    20 |    82 |    63 ||   165
       Mephitic Cloud    |       |       |    11 |    14 ||    25
       Animate Skeleton  |       |       |     6 |     1 ||     7
Invok: Heroism           |       |       |       |     2 ||     2
Evoke: Wand              |       |       |       |     2 ||     2
  Use: Scroll            |       |     8 |     8 |     9 ||    25
       Potion            |       |     3 |       |     2 ||     5
 Stab: Sleeping          |       |     1 |     1 |       ||     2
       Confused          |       |       |     1 |     3 ||     4
       Distracted        |       |       |     1 |       ||     1
  Eat: Chunk             |     3 |    12 |    23 |    12 ||    50
       Ration            |       |       |     2 |     3 ||     5
Armor: Robe              |    24 |    73 |   115 |    39 ||   251
Dodge: Dodged            |    33 |   115 |   295 |   105 ||   548
